AoeStats
← ITA | Raffy

Baltic

510376964Analyzed
3v3 RM · 1d ago on Sep 30, 2026· 42m 35s· 6 players
Game mode
Random Map
Map size
Normal (6 player)
Population
200
Speed
Normal
Resources
Standard
Victory
Conquest
Starting age
Dark Age
Ending age
Imperial Age
RankedLock teamsTeams togetherTeam positionsShared explorationLock speedFull tech treeHidden civsTurbo modeCheats
Victory
Defeat
🇮🇹 Varangians · Italy
1379
+11
🇮🇹 Persians · Italy
1281
+15
🇮🇹 Poles · Italy
1252
+16
🇧🇪 Vikings · Belgium
1376
-18
🇧🇪 Persians · Belgium
1219
-12
🇫🇷 Malay · France
1202
-12
[SMURFS] Max
10:40 Feudal Age
9:16 Loom
11:27 Double-Bit Axe
20:29 Castle Age
19:51 Crossbowman
20:37 Thumb Ring
22:20 Padded Archer Armor
23:32 Fletching
23:20 Pikeman
31:05 Wheelbarrow
32:36 Bodkin Arrow
33:18 Horse Collar
34:07 Bow Saw
35:14 Hand Cart
PAP.KingBug
11:04 Feudal Age
9:20 Loom
11:38 Double-Bit Axe
14:18 Fletching
14:23 Fishing Lines
19:11 Castle Age
20:07 Medium Warships
20:26 Bow Saw
21:22 Bodkin Arrow
23:27 Horse Collar
25:29 Ballistics
25:21 Careening
29:29 Stone Mining
30:01 Heavy Plow
30:42 Gold Mining
38:26 Imperial Age
36:24 Forging
36:14 Scale Mail Armor
37:20 Gold Shaft Mining
37:01 Town Watch
37:38 Chieftains
38:32 Elite Berserk
39:19 Scale Mail Armor
40:12 Squires
39:58 Arson
39:44 Man-at-Arms
40:45 Chain Mail Armor
41:06 Iron Casting
40:56 Long Swordsman
42:13 Plate Mail Armor
42:47 Two-Man Saw
42:29 Conscription
41:49 Two-Handed Swordsman
[AJO] edouarrdd
10:51 Feudal Age
14:36 Castle Age
12:49 Double-Bit Axe
13:57 Gold Mining
15:25 Medium Warships
15:47 Fishing Lines
16:13 Loom
18:24 Wheelbarrow
22:29 Forging
22:24 Scale Barding Armor
23:46 Iron Casting
24:39 Chain Barding Armor
25:15 Bloodlines
25:47 Husbandry
25:46 Town Watch
28:55 Hand Cart
28:40 Horse Collar
29:01 Fletching
30:29 Heavy Plow
31:48 Stone Mining
32:45 Bow Saw
39:11 Imperial Age
37:12 Town Patrol
37:11 Bodkin Arrow
39:54 Conscription
40:26 Plate Barding Armor
40:52 Blast Furnace
39:15 Heavy Camel Rider
40:36 Gold Shaft Mining
41:30 Stone Shaft Mining
[ALTF4] MuraZ
11:01 Feudal Age
13:01 Fletching
21:42 Castle Age
22:55 Medium Warships
22:47 Double-Bit Axe
27:36 Fishing Lines
31:58 Forging
31:46 Bodkin Arrow
32:56 Bow Saw
33:19 Gillnets
35:37 Ballistics
35:27 Masonry
35:08 Loom
35:58 Wheelbarrow
35:08 Town Watch
36:27 Forging
36:22 Scale Barding Armor
36:40 Horse Collar
39:50 Imperial Age
38:21 Chain Barding Armor
38:37 Iron Casting
39:46 Murder Holes
41:01 Plate Barding Armor
42:04 Blast Furnace
41:41 Conscription
Roar
10:37 Feudal Age
8:55 Loom
11:41 Double-Bit Axe
13:04 Fishing Lines
15:38 Fletching
18:05 Gold Mining
24:00 Castle Age
24:37 Bodkin Arrow
24:55 Medium Warships
25:51 Town Watch
27:59 Bow Saw
29:06 Ballistics
30:06 Gillnets
32:55 Wheelbarrow
33:52 Clinker Construction
33:42 Horse Collar
39:28 Imperial Age
37:17 Masonry
37:38 Heavy Plow
37:23 Treadmill Crane
37:38 Murder Holes
38:14 Hand Cart
38:01 Town Patrol
37:56 Stone Mining
38:54 Scale Barding Armor
38:59 Forging
39:58 Chain Barding Armor
40:13 Bracer
41:16 Chemistry
40:48 Architecture
40:48 Carvel Hull
40:47 Bloodlines
40:38 Husbandry
40:26 Cavalier
41:51 Iron Casting
42:29 Two-Man Saw
43:16 Conscription
42:21 Gothikon
42:22 Vendel Legacy
ITA | Raffy
7:57 Loom
10:06 Feudal Age
11:12 Double-Bit Axe
13:15 Horse Collar
18:41 Castle Age
17:35 Bloodlines
17:46 Forging
17:46 Scale Barding Armor
18:56 Gold Mining
18:54 Light Cavalry
19:58 Chain Barding Armor
20:49 Bow Saw
21:04 Husbandry
22:44 Heavy Plow
25:03 Stone Mining
28:52 Wheelbarrow
30:12 Iron Casting
30:35 Hand Cart
34:45 Imperial Age
33:32 Szlachta Privileges
36:32 Blast Furnace
34:55 Cavalier
36:07 Conscription
Connection lost

Rejoining the realm…

Still unreachable

The connection could not be restored.

Session expired

The server has moved on; the page needs a fresh start.